 Dungeon Crawl Stone Soup version 0.20.0-10-g0535bb4 (webtiles) character file.

8094 InstantRegret the Martial Artist (level 11, -10/126 (127) HPs)
             Began as a Demonspawn Wizard on June 4, 2017.
             Was a Believer of Uskayaw.
             Mangled by a death knight
             ... wielding a +3 battleaxe of flaming
              (21 damage)
             ... on level 9 of the Dungeon.
             The game lasted 00:23:59 (13291 turns).

InstantRegret the Martial Artist (DsWz)            Turns: 13291, Time: 00:24:00

HP:   -10/126 (127) AC:  7    Str: 16    XL:     11   Next: 5%
MP:   15/15         EV: 10    Int: 19    God:    Uskayaw [**....]
Gold: 423           SH:  0    Dex: 14    Spells: 10/16 levels left

rFire    . . .     SeeInvis +     - Unarmed
rCold    . . .     Gourm    .   (no shield)
rNeg     . . .     Faith    .   h - +0 ring mail
rPois    +         Spirit   .   (helmet unavailable)
rElec    .         Reflect  .   G - +1 cloak
rCorr    .         Harm     .   (no gloves)
MR       .....                  (no boots)
Stlth    ..........             (no amulet)
Regen    0.4/turn               F - +2 ring of dexterity
MPRegen  0.2/turn               f - ring of poison resistance

@: berserking, drained, very quick
A: antennae 3, claws 2, talons 2, robust 1, wild magic 1
a: Stomp, Line Pass, Renounce Religion


You were on level 9 of the Dungeon.
You worshipped Uskayaw.
Uskayaw was noncommittal.
You were not hungry.

You visited 2 branches of the dungeon, and saw 10 of its levels.

You collected 423 gold pieces.

Inventory:

Hand Weapons
 g - a +1 whip
Armour
 a - a +0 robe
 b - a +1 hat
 h - a +0 ring mail (worn)
 i - a +0 buckler
 s - a +0 large shield
 G - a +1 cloak (worn)
Jewellery
 f - a ring of poison resistance (right claw)
 r - an uncursed ring of positive energy
 u - an uncursed ring of wizardry
 x - an uncursed ring of magical power
 F - a +2 ring of dexterity (left claw)
Wands
 m - a wand of enslavement (6/24)
 n - a wand of confusion (8/48)
 C - a wand of polymorph (8/24)
 H - a wand of flame (35/48)
Scrolls
 l - 8 scrolls of identify
 p - a scroll of remove curse
 q - 6 scrolls of teleportation
 B - a scroll of blinking
 E - 3 scrolls of recharging
Potions
 e - 6 potions of curing
 k - a potion of haste
 z - a potion of might
 D - 2 potions of mutation
 I - a potion of flight
Books
 c - a book of Minor Magic

   Spells                             Type                      Level
   a - Magic Dart                     Conjuration                  1
   b - Blink                          Translocation                2
   c - Call Imp                       Summoning                    2
   d - Slow                           Hexes                        2
   e - Conjure Flame                  Conjuration/Fire             3
   f - Mephitic Cloud                 Conjuration/Poison/Air       3
 y - a book of Battle

   Spells                             Type                      Level
   a - Infusion                       Charms                       1
   b - Shroud of Golubria             Charms/Translocation         2
   c - Song of Slaying                Charms                       2
   d - Spectral Weapon                Hexes/Charms                 3
   e - Regeneration                   Charms/Necromancy            3
 A - a book of Cantrips

   Spells                             Type                      Level
   a - Confusing Touch                Hexes                        1
   b - Animate Skeleton               Necromancy                   1
   c - Summon Small Mammal            Summoning                    1
   d - Apportation                    Translocation                1
Comestibles
 d - 6 bread rations
 j - 9 meat rations
 o - 7 fruits
 w - 3 royal jellies


   Skills:
 + Level 4.5(3.5) Fighting
 + Level 4.4(3.4) Armour
 - Level 1.7(0.8) Dodging
 - Level 1.7(0.8) Stealth
 + Level 13.3(12.0) Unarmed Combat
 - Level 3.1(2.2) Spellcasting
 - Level 2.0(1.1) Conjurations
   Level 1.0(0.1) Summonings
 - Level 0.8(0.0) Translocations
 + Level 4.6(3.6) Invocations


You had 10 spell levels left.
You knew the following spells:

 Your Spells              Type           Power        Failure   Level  Hunger
a - Magic Dart            Conj           #...         26%         1    #......
b - Blink                 Tloc           N/A          52%         2    ##.....
c - Mephitic Cloud        Conj/Pois/Air  #.......     69%         3    ###....


Dungeon Overview and Level Annotations

Branches:
Dungeon (9/15)             Temple (1/1) D:6            Lair (0/6) D:8
    Orc: D:9-12

Altars:
Cheibriados
Dithmenos
Elyvilon
Fedhas
Hepliaklqana
Kikubaaqudgha
Makhleb
Nemelex Xobeh
Okawaru
Ru
Sif Muna
Trog
Uskayaw
Xom
Yredelemnul
Zin
The Shining One
Lugonu

Shops:
D:5 %[[*[   D:7 [

Annotations:
Abyss:1 Psyche


Innate Abilities, Weirdness & Mutations

You have a pair of large antennae on your head. (SInv)
You have very sharp fingernails.
You have razor-sharp toenails.
You are robust. (+10% HP)
Your spells are a little harder to cast, but a little more powerful.


Message History

The death knight hits you with a battleaxe of flaming!!
* * * LOW HITPOINT WARNING * * *
The death knight burns you!
* * * LOW HITPOINT WARNING * * *
You can now pass through a line of other dancers.
You completely miss the death knight.
The death knight is moderately wounded.
You closely miss the death knight.
You claw the death knight, but do no damage.
The death knight is moderately wounded.
You claw the death knight! Your kick misses the death knight.
The death knight is heavily wounded.
The death knight closely misses you.
You claw the death knight!
The death knight is severely wounded.
You mangle the death knight!!
You claw the death knight, but do no damage.
The death knight is almost dead.
The death knight hits you with a battleaxe of flaming!!
You die...

.# #.#...#<#.#..#....... .#####
#.#.#.#)###.##.......
.....########.#.#.#...#.##.......
####........'.###[#.#.'.##.......
##########.....#...####..<....
#####'##### ####+### #..# ###...#
#.## #...### ##@##### ##'#######
#..p.[.###........#
#####....<.#.'........#
........)..#.#......_.#
#####........#......(.'
#......###........# #####.##
#........# #.# #........# ##.#
####.#####


You could see a death knight.

Vanquished Creatures
  Pikel (D:5)
  Joseph (D:7)
  Maurice (D:9)
  The ghost of xash the Insei, a novice OpTm of Cheibriados (D:5)
  Prince Ribbit (D:8)
  A hippogriff (D:7)
  5 yaks (D:7)
  A hungry ghost (D:7)
  Edmund (D:5)
  Menkaure (D:6)
  2 ice beasts
  A slave (D:5)
  2 black bears
  A hornet zombie (D:7)
  4 orc warriors
  A sky beast (D:6)
  A phantom (D:8)
  9 ogres
  A centaur (D:5)
  A necrophage (D:9)
  6 bullfrogs
  A water moccasin zombie (D:8)
  4 scorpions
  6 killer bees (D:7)
  13 wights
  A howler monkey (D:5)
  3 vampire bats (D:2)
  A lava snake (D:7)
  4 crimson imps
  8 orc priests
  2 bullfrog zombies
  A gnoll shaman (D:7)
  8 hounds
  11 orc wizards
  3 bullfrog skeletons
  4 worker ants
  2 hound skeletons (D:4)
  7 adders
  5 gnolls (D:7)
  3 shadow imps
  An ooze (D:2)
  An adder skeleton (D:4)
  2 worms (D:3)
  3 dart slugs
  4 leopard geckos
  40 orcs
  2 ball pythons
  8 bats
  4 bat skeletons (D:2)
  2 bat zombies (D:2)
  5 giant cockroaches
  10 goblins
  7 hobgoblins
  3 jackals
  4 quokkas
  6 frilled lizards
  2 jackal skeletons
  A jackal zombie (D:6)
  6 kobolds
  A quokka skeleton (D:6)
  8 rats
250 creatures vanquished.

Vanquished Creatures (others)
  A worker ant (D:5)
  A quokka (D:5)
2 creatures vanquished.

Grand Total: 252 creatures vanquished

Notes
Turn   | Place    | Note
-------+----------+-------------------------------------------
     0 | D:1      | InstantRegret the Demonspawn Wizard began the quest for the Orb.
     0 | D:1      | Reached XP level 1. HP: 13/13 MP: 4/4
   347 | D:1      | Gained mutation: You have sharp fingernails. [demonic ancestry]
   347 | D:1      | Reached XP level 2. HP: 19/19 MP: 0/6
   799 | D:1      | Reached skill level 1 in Unarmed Combat
  1073 | D:1      | Gained mutation: You have a pair of small antennae on your head. [demonic ancestry]
  1073 | D:1      | Reached XP level 3. HP: 24/24 MP: 1/7
  1383 | D:2      | Reached skill level 2 in Unarmed Combat
  1708 | D:2      | Found an iron altar of Okawaru.
  2067 | D:2      | Gained mutation: You have sharp toenails. [demonic ancestry]
  2067 | D:2      | Reached XP level 4. HP: 21/30 MP: 8/8
  2199 | D:2      | Found an ancient bone altar of Kikubaaqudgha.
  2233 | D:2      | Reached skill level 3 in Unarmed Combat
  2235 | D:2      | Gained mutation: You have very sharp fingernails. [demonic ancestry]
  2235 | D:2      | Reached XP level 5. HP: 23/35 MP: 9/9
  2257 | D:2      | Reached skill level 4 in Unarmed Combat
  2857 | D:3      | Reached skill level 5 in Unarmed Combat
  2857 | D:3      | Reached XP level 6. HP: 21/41 MP: 10/10
  4112 | D:4      | Reached skill level 6 in Unarmed Combat
  4121 | D:4      | Reached XP level 7. HP: 44/46 MP: 11/11
  4432 | D:4      | Reached skill level 7 in Unarmed Combat
  5018 | D:4      | Found a bloodstained altar of Trog.
  5199 | D:5      | Entered Level 5 of the Dungeon
  5203 | D:5      | Found Udaipo's Antique Armour Boutique.
  5534 | D:5      | Found Mobboenn's Antique Armour Shop.
  5585 | D:5      | Reached skill level 8 in Unarmed Combat
  5629 | D:5      | Reached XP level 8. HP: 41/52 MP: 12/12
  5644 | D:5      | Learned a level 2 spell: Blink
  5648 | D:5      | Learned a level 3 spell: Mephitic Cloud
  5663 | D:5      | Found a white marble altar of Elyvilon.
  5668 | D:5      | Noticed xash's ghost (novice OpTm)
  5720 | D:5      | Found Bugoivvu's General Store.
  5720 | D:5      | Noticed Edmund
  5740 | D:5      | Killed Edmund
  5933 | D:5      | Found Wozoguge's Armour Boutique.
  5990 | D:5      | Killed xash's ghost
  5990 | D:5      | Reached skill level 9 in Unarmed Combat
  6338 | D:5      | Found a sparkling altar of Nemelex Xobeh.
  6382 | D:5      | Noticed Pikel
  6392 | D:5      | Gained mutation: You are robust. (+10% HP) [potion of mutation]
  6392 | D:5      | Gained mutation: Your spells are a little harder to cast, but a little more powerful. [potion of mutation]
  6411 | D:5      | Killed Pikel
  6411 | D:5      | Reached skill level 10 in Unarmed Combat
  6599 | D:5      | Found Vynomew's Food Shoppe.
  6807 | D:6      | Gained mutation: You have a pair of antennae on your head. [demonic ancestry]
  6807 | D:6      | Reached XP level 9. HP: 44/62 MP: 13/13
  7152 | D:6      | Found a staircase to the Ecumenical Temple.
  7247 | D:6      | You fall through a shaft for 3 floors!
  7270 | D:9      | Reached skill level 11 in Unarmed Combat
  7886 | D:8      | Found a staircase to the Lair.
  7909 | D:8      | Noticed Prince Ribbit
  7947 | D:8      | Noticed Psyche
  8104 | D:7      | Reached skill level 12 in Unarmed Combat
  8453 | D:7      | Gained mutation: You have razor-sharp toenails. [demonic ancestry]
  8453 | D:7      | Reached XP level 10. HP: 50/69 MP: 14/14
  8560 | D:7      | Found a burning altar of Makhleb.
  8563 | D:7      | Noticed a green death
  8565 | D:7      | Found a glowing silver altar of Zin.
  8565 | D:7      | Noticed an angel
  8805 | D:7      | Found Yfahoceu's Armour Shop.
  8837 | D:7      | Reached skill level 1 in Fighting
  8837 | D:7      | Reached skill level 1 in Armour
  9563 | D:6      | Found a deep blue altar of Sif Muna.
  9564 | D:6      | Found a glowing golden altar of the Shining One.
  9569 | D:6      | Found a shimmering altar of Xom.
  9570 | D:6      | Found a blossoming altar of Fedhas.
  9666 | D:6      | Noticed Menkaure
  9671 | D:6      | Killed Menkaure
  9989 | Temple   | Entered the Ecumenical Temple
 10004 | Temple   | Became a worshipper of Uskayaw the Reveler
 10123 | D:7      | Reached * piety under Uskayaw
 10170 | D:7      | Reached ** piety under Uskayaw
 10175 | D:7      | Reached skill level 13 in Unarmed Combat
 10175 | D:7      | Reached skill level 1 in Invocations
 10175 | D:7      | Reached *** piety under Uskayaw
 10568 | D:8      | Noticed Joseph
 10575 | D:7      | Killed Joseph
 10656 | D:7      | Identified a scroll of acquirement
 10808 | D:8      | Banished Psyche
 10866 | D:8      | Killed Prince Ribbit
 10872 | D:8      | Reached **** piety under Uskayaw
 10885 | D:8      | HP: 3/78 [ogre/giant club (25)]
 11797 | D:9      | Noticed Maurice
 11805 | D:9      | Killed Maurice
 11862 | D:9      | Found a hazy altar of Hepliaklqana.
 11939 | D:9      | Gained mutation: You have a pair of large antennae on your head. (SInv) [demonic ancestry]
 11939 | D:9      | Reached XP level 11. HP: 42/85 MP: 15/15
 12723 | D:9      | Found a snail-covered altar of Cheibriados.
 12849 | D:9      | Noticed a death knight
 13291 | D:9      | Mangled by a death knight

Skill      XL: |  1  2  3  4  5  6  7  8  9 10 |
---------------+-------------------------------+-----
Unarmed Combat | 1 2 3 5 6 8 10 12 13 | 13.3
Conjurations   | 2 |  2.0
Fighting       | 4 |  4.5
Armour         | 4 |  4.4
Invocations    | 4 |  4.6
Dodging        | |  1.7
Stealth        | |  1.7
Spellcasting   | |  3.1
Summonings     | |  1.0
Translocations | |  0.8

Action                   |  1- 3 |  4- 6 |  7- 9 | 10-12 || total
-------------------------+-------+-------+-------+-------++-------
Melee: Whip              |    16 |       |       |       ||    16
       Unarmed           |    68 |   186 |   406 |   306 ||   966
       Kick              |       |    39 |    63 |    66 ||   168
       Punch             |       |     2 |    14 |    19 ||    35
 Cast: Magic Dart        |    51 |     1 |       |       ||    52
Evoke: Wand              |       |       |       |     8 ||     8
  Use: Scroll            |     3 |     2 |     8 |     5 ||    18
       Potion            |       |     5 |     6 |     4 ||    15
 Stab: Sleeping          |       |     1 |       |     1 ||     2
       Paralysed         |       |       |       |     9 ||     9
  Eat: Chunk             |     3 |     7 |     9 |     7 ||    26
       Bread ration      |       |       |     1 |     2 ||     3
Armor: Robe              |    23 |    32 |       |       ||    55
       Ring mail         |       |    53 |    88 |    67 ||   208
       Skin              |       |       |    12 |       ||    12
Dodge: Dodged            |    79 |   193 |   136 |   114 ||   522
